[ AOE2 MATCH · #474740015 ]
UnrankedLithuanians vs Khmer
[ REPLAY ANALYSIS · EXTRACTED FROM THE RECORDED GAME ]
Feudal
1:48
Castle
6:43
Imperial
11:00
| APM avg | 35.2 |
| APM peak | 73 |
| eAPM avg | 31.6 |
| Villagers / military | 115 / 154 |
Focus
⚔️ 26.8% · 🌾 73.2%
Warrior Priest ×150 · Mangonel ×4
Feudal
1:43
Castle
6:13
Imperial
12:14
| APM avg | 93.0 |
| APM peak | 1262 |
| eAPM avg | 90.8 |
| Villagers / military | 139 / 200 |
Focus
⚔️ 5.0% · 🌾 95.0%
Warrior Priest ×185 · Mangonel ×15
Feudal
2:33
Castle
3:38
Imperial
4:57
| APM avg | 22.0 |
| APM peak | 55 |
| eAPM avg | 18.1 |
| Villagers / military | 28 / 218 |
Focus
⚔️ 32.3% · 🌾 67.7%
Ballista Elephant ×92 · Battle Elephant ×58 · Scorpion ×43 · Cannon Galleon ×23 · Mangonel ×2
Feudal
1:53
Castle
3:46
Imperial
5:05
| APM avg | 27.7 |
| APM peak | 54 |
| eAPM avg | 25.7 |
| Villagers / military | 191 / 429 |
Focus
⚔️ 36.9% · 🌾 63.1%
Hand Cannoneer ×341 · Genoese Crossbowman ×50 · Bombard Cannon ×35 · Mangonel ×3
Feudal
3:05
Castle
6:31
Imperial
15:13
| APM avg | 87.9 |
| APM peak | 895 |
| eAPM avg | 86.1 |
| Villagers / military | 116 / 205 |
Focus
⚔️ 5.5% · 🌾 94.5%
Composite Bowman ×204 · Mangonel ×1
Feudal
2:13
Castle
5:35
Imperial
12:39
| APM avg | 81.3 |
| APM peak | 151 |
| eAPM avg | 75.0 |
| Villagers / military | 137 / 103 |
Focus
⚔️ 5.8% · 🌾 94.2%
Camel Scout ×90 · Fishing Ship ×12 · Mangonel ×11 · Scorpion ×2
Feudal
1:29
Castle
2:33
Imperial
3:50
| APM avg | 33.9 |
| APM peak | 108 |
| eAPM avg | 30.6 |
| Villagers / military | 86 / 286 |
Focus
⚔️ 25.4% · 🌾 74.6%
Organ Gun ×244 · Bombard Cannon ×35 · Mangonel ×7
Feudal
0:54
Castle
1:59
Imperial
3:16
| APM avg | 8.4 |
| APM peak | 40 |
| eAPM avg | 8.3 |
| Villagers / military | 34 / 0 |
Focus
⚔️ 21.7% · 🌾 78.3%
Match map
Initial resources + every placement click. Lines = walls · curves = elevation contours. ◆ gold · ⬟ stone · ● berries · ✦ relic · ◌ wall gap
Inputs per minute
— beat - - 老K
Build order — beat
First 150 of 324 actions detected
| 0:06 | Create | Villager (Male) ×5 |
| 0:12 | Build | Mill |
| 0:15 | Build | House |
| 0:23 | Build | Mule Cart |
| 0:43 | Build | Farm |
| 0:51 | Research | Feudal Age |
| 1:05 | Create | Villager (Male) |
| 1:07 | Create | Villager (Male) |
| 1:07 | Create | Villager (Male) |
| 1:08 | Create | Villager (Male) |
| 1:08 | Create | Villager (Male) |
| 1:08 | Create | Villager (Male) |
| 1:48 | Age | Feudal Age |
| 1:52 | Build | Market |
| 1:56 | Create | Villager (Male) |
| 1:56 | Create | Villager (Male) |
| 1:56 | Create | Villager (Male) |
| 1:57 | Create | Villager (Male) |
| 1:57 | Create | Villager (Male) |
| 1:57 | Create | Villager (Male) |
| 2:04 | Create | Villager (Male) |
| 2:27 | Build | Blacksmith |
| 2:34 | Create | Villager (Male) ×5 |
| 2:49 | Build | Farm |
| 3:02 | Research | Double-Bit Axe |
| 3:04 | Research | Tech 1687 |
| 3:32 | Research | Tech 1688 |
| 3:38 | Research | Tech 1625 |
| 3:41 | Research | Tech 1624 |
| 3:49 | Create | Villager (Male) |
| 3:50 | Create | Villager (Male) |
| 4:02 | Build | Farm |
| 4:04 | Build | Farm |
| 4:06 | Build | Farm |
| 4:09 | Build | Farm |
| 4:27 | Build | Farm |
| 4:49 | Research | Horse Collar |
| 5:24 | Research | Castle Age |
| 5:47 | Research | Town Watch |
| 5:51 | Research | Tech 1612 |
| 5:53 | Research | Tech 1613 |
| 6:01 | Create | Villager (Male) |
| 6:01 | Create | Villager (Male) |
| 6:01 | Create | Villager (Male) |
| 6:02 | Create | Villager (Male) |
| 6:03 | Create | Villager (Male) |
| 6:43 | Age | Castle Age |
| 7:00 | Build | Town Center |
| 7:12 | Research | Bow Saw |
| 7:12 | Research | Bow Saw |
| 7:13 | Research | Tech 1691 |
| 7:13 | Research | Tech 1691 |
| 7:14 | Research | Tech 1692 |
| 7:23 | Create | Villager (Male) ×5 |
| 7:51 | Build | Monastery |
| 7:58 | Build | Siege Workshop |
| 8:50 | Create | Villager (Male) ×5 |
| 8:50 | Create | Villager (Male) ×5 |
| 8:51 | Create | Villager (Male) ×5 |
| 9:44 | Research | Imperial Age |
| 10:11 | Build | Town Center |
| 10:29 | Research | Wheelbarrow |
| 10:30 | Research | Tech 1699 |
| 10:31 | Research | Tech 1700 |
| 11:00 | Age | Imperial Age |
| 11:09 | Research | Onager (upgrade) |
| 11:11 | Create | Mangonel |
| 11:11 | Create | Mangonel |
| 11:12 | Create | Mangonel |
| 11:12 | Create | Mangonel |
| 11:18 | Create | Villager (Male) ×5 |
| 11:19 | Create | Villager (Male) ×5 |
| 11:19 | Create | Villager (Male) ×5 |
| 11:22 | Create | Villager (Male) ×5 |
| 11:23 | Create | Villager (Male) ×5 |
| 11:23 | Create | Villager (Male) ×5 |
| 11:27 | Create | Villager (Male) ×5 |
| 11:27 | Create | Villager (Male) ×5 |
| 12:17 | Build | Farm |
| 12:18 | Build | Farm |
| 12:18 | Build | Farm |
| 12:18 | Build | Farm |
| 12:18 | Build | Farm |
| 12:19 | Build | Farm |
| 12:19 | Build | Farm |
| 12:19 | Build | Farm |
| 12:20 | Build | Farm |
| 12:36 | Build | Farm |
| 13:14 | Build | Town Center |
| 13:40 | Build | Farm |
| 13:41 | Build | Farm |
| 13:53 | Build | Town Center |
| 14:24 | Research | Stone Mining |
| 14:24 | Research | Stone Mining |
| 14:25 | Research | Gold Mining |
| 14:25 | Research | Tech 1723 |
| 14:33 | Build | Mule Cart |
| 15:11 | Create | Villager (Male) ×5 |
| 15:15 | Create | Villager (Male) ×5 |
| 15:18 | Create | Villager (Male) ×5 |
| 15:22 | Build | Mule Cart |
| 15:31 | Research | Tech 1653 |
| 15:31 | Research | Tech 1653 |
| 15:32 | Research | Tech 1654 |
| 15:32 | Research | Tech 1654 |
| 15:32 | Research | Tech 1654 |
| 15:33 | Research | Tech 1677 |
| 15:33 | Research | Stone Shaft Mining |
| 15:34 | Research | Stone Shaft Mining |
| 15:34 | Research | Tech 1678 |
| 15:34 | Research | Tech 1678 |
| 15:35 | Research | Tech 1724 |
| 15:36 | Research | Tech 1724 |
| 15:36 | Research | Tech 1724 |
| 15:36 | Research | Tech 1727 |
| 15:36 | Research | Tech 1727 |
| 15:37 | Research | Two-Man Saw |
| 15:38 | Research | Two-Man Saw |
| 15:38 | Research | Tech 1728 |
| 15:38 | Research | Tech 1728 |
| 15:39 | Research | Tech 1705 |
| 15:39 | Research | Tech 1705 |
| 15:40 | Research | Tech 1706 |
| 16:10 | Build | Castle |
| 17:03 | Build | Barracks |
| 17:18 | Build | Blacksmith |
| 17:20 | Build | Blacksmith |
| 17:22 | Build | Blacksmith |
| 17:25 | Research | Squires |
| 17:26 | Research | Squires |
| 17:26 | Research | Tech 1701 |
| 17:26 | Research | Tech 1701 |
| 17:27 | Research | Tech 1701 |
| 17:27 | Research | Tech 1702 |
| 17:27 | Research | Tech 1858 |
| 17:28 | Research | Tech 1858 |
| 17:28 | Research | Tech 1859 |
| 17:29 | Research | Arson |
| 17:30 | Research | Arson |
| 17:30 | Research | Tech 1721 |
| 17:31 | Research | Tech 1721 |
| 17:31 | Research | Tech 1721 |
| 17:39 | Build | Monastery |
| 17:41 | Build | Monastery |
| 17:42 | Build | Monastery |
| 17:43 | Build | Monastery |
| 17:55 | Research | Tower Shields |
| 17:57 | Research | Hill Forts |
| 17:58 | Research | Tech 1840 |
| 17:59 | Research | Tech 1838 |
Build order — 老K
First 150 of 316 actions detected
| 0:02 | Create | Villager (Male) |
| 0:02 | Create | Villager (Male) |
| 0:03 | Create | Villager (Male) |
| 0:03 | Create | Villager (Male) |
| 0:07 | Build | House |
| 0:11 | Build | Mill |
| 0:14 | Build | Mule Cart |
| 0:49 | Research | Feudal Age |
| 1:43 | Age | Feudal Age |
| 1:46 | Create | Villager (Male) |
| 1:46 | Create | Villager (Male) |
| 1:46 | Create | Villager (Male) |
| 2:00 | Research | Double-Bit Axe |
| 2:00 | Research | Double-Bit Axe |
| 2:00 | Research | Tech 1687 |
| 2:01 | Research | Tech 1688 |
| 2:05 | Create | Villager (Male) |
| 2:06 | Create | Villager (Male) |
| 2:20 | Build | Market |
| 2:33 | Create | Villager (Male) |
| 2:34 | Create | Villager (Male) |
| 2:34 | Create | Villager (Male) |
| 2:34 | Create | Villager (Male) |
| 2:35 | Create | Villager (Male) |
| 2:42 | Build | Blacksmith |
| 3:11 | Build | Mule Cart |
| 3:30 | Research | Tech 1625 |
| 3:31 | Research | Tech 1624 |
| 3:31 | Research | Tech 1624 |
| 3:31 | Research | Horse Collar |
| 3:47 | Build | Market |
| 3:55 | Create | Villager (Male) |
| 3:55 | Create | Villager (Male) |
| 3:56 | Create | Villager (Male) |
| 4:48 | Build | Town Center |
| 5:09 | Research | Castle Age |
| 5:28 | Research | Town Watch |
| 5:29 | Research | Tech 1612 |
| 5:29 | Research | Tech 1612 |
| 5:29 | Research | Tech 1613 |
| 6:13 | Age | Castle Age |
| 6:21 | Build | Town Center |
| 6:26 | Create | Villager (Male) |
| 6:27 | Create | Villager (Male) |
| 6:36 | Build | Market |
| 7:07 | Create | Villager (Male) ×5 |
| 7:07 | Create | Villager (Male) ×5 |
| 7:08 | Create | Villager (Male) ×5 |
| 7:08 | Create | Villager (Male) ×5 |
| 7:36 | Build | University |
| 7:39 | Build | Monastery |
| 8:07 | Research | Tech 1651 |
| 8:08 | Research | Tech 1652 |
| 8:26 | Build | Town Center |
| 8:36 | Build | Market |
| 8:39 | Build | Mule Cart |
| 8:47 | Research | Bow Saw |
| 8:47 | Research | Bow Saw |
| 8:47 | Research | Tech 1691 |
| 8:48 | Research | Tech 1692 |
| 8:48 | Research | Tech 1692 |
| 9:10 | Build | Town Center |
| 9:19 | Build | Town Center |
| 9:39 | Research | Wheelbarrow |
| 9:39 | Research | Tech 1699 |
| 9:39 | Research | Tech 1700 |
| 9:42 | Create | Villager (Male) ×5 |
| 9:42 | Create | Villager (Male) ×5 |
| 10:07 | Create | Villager (Male) ×5 |
| 10:08 | Create | Villager (Male) ×5 |
| 10:08 | Create | Villager (Male) ×5 |
| 10:08 | Create | Villager (Male) ×5 |
| 10:26 | Build | Market |
| 10:57 | Research | Imperial Age |
| 11:11 | Build | Town Center |
| 11:50 | Build | Town Center |
| 12:12 | Research | Hand Cart |
| 12:13 | Research | Tech 1715 |
| 12:13 | Research | Tech 1715 |
| 12:14 | Research | Tech 1716 |
| 12:14 | Age | Imperial Age |
| 12:24 | Create | Villager (Male) ×5 |
| 12:24 | Create | Villager (Male) ×5 |
| 12:24 | Create | Villager (Male) ×5 |
| 12:24 | Create | Villager (Male) ×5 |
| 12:25 | Create | Villager (Male) ×5 |
| 12:25 | Create | Villager (Male) ×5 |
| 12:25 | Create | Villager (Male) ×5 |
| 12:35 | Build | Town Center |
| 12:36 | Build | Town Center |
| 14:04 | Build | Castle |
| 14:09 | Build | Siege Workshop |
| 14:10 | Build | Siege Workshop |
| 14:14 | Research | Two-Man Saw |
| 14:15 | Research | Tech 1705 |
| 14:15 | Research | Tech 1705 |
| 14:16 | Research | Tech 1706 |
| 14:16 | Research | Gold Mining |
| 14:17 | Research | Tech 1653 |
| 14:17 | Research | Tech 1653 |
| 14:17 | Research | Tech 1654 |
| 14:18 | Research | Stone Mining |
| 14:19 | Research | Tech 1723 |
| 14:19 | Research | Tech 1723 |
| 14:19 | Research | Tech 1724 |
| 14:24 | Research | Tech 1623 |
| 14:24 | Research | Tech 1622 |
| 14:25 | Research | Heavy Plow |
| 14:25 | Research | Heavy Plow |
| 14:33 | Research | Onager (upgrade) |
| 14:41 | Create | Mangonel ×5 |
| 14:46 | Research | Tech 455 |
| 15:06 | Research | Druzhina |
| 15:06 | Research | Druzhina |
| 15:07 | Research | Conscription |
| 15:07 | Research | Tech 1733 |
| 15:07 | Research | Tech 1733 |
| 15:08 | Research | Tech 1734 |
| 15:20 | Build | Monastery |
| 15:21 | Build | Monastery |
| 15:22 | Build | Monastery |
| 15:23 | Build | Monastery |
| 15:24 | Build | Monastery |
| 15:33 | Build | Barracks |
| 15:36 | Build | Blacksmith |
| 15:36 | Build | Blacksmith |
| 15:37 | Build | Blacksmith |
| 15:39 | Build | Blacksmith |
| 16:08 | Build | Town Center |
| 16:16 | Research | Gold Shaft Mining |
| 16:16 | Research | Gold Shaft Mining |
| 16:16 | Research | Tech 1677 |
| 16:17 | Research | Tech 1678 |
| 16:18 | Research | Tech 1727 |
| 16:18 | Research | Tech 1728 |
| 16:19 | Research | Tech 1728 |
| 16:24 | Create | Mangonel ×5 |
| 16:24 | Create | Mangonel ×5 |
| 16:42 | Build | Mule Cart |
| 16:47 | Research | Loom |
| 16:48 | Research | Tech 1628 |
| 16:48 | Research | Tech 1628 |
| 16:48 | Research | Tech 1629 |
| 16:49 | Research | Tech 1629 |
| 16:49 | Research | Town Patrol |
| 16:51 | Create | Villager (Male) ×5 |
| 16:51 | Create | Villager (Male) ×5 |
| 16:52 | Create | Villager (Male) ×5 |
| 16:52 | Create | Villager (Male) ×5 |
| 16:52 | Create | Villager (Male) ×5 |
Build order — PaddyWon
First 150 of 259 actions detected
| 0:02 | Create | Villager (Male) ×4 |
| 0:04 | Build | House |
| 0:05 | Build | Mill |
| 1:03 | Build | Lumber Camp |
| 1:12 | Build | Farm |
| 1:16 | Research | Feudal Age |
| 1:46 | Build | Farm |
| 2:33 | Age | Feudal Age |
| 2:34 | Research | Castle Age |
| 2:39 | Research | Double-Bit Axe |
| 2:44 | Build | Farm |
| 2:49 | Build | Farm |
| 2:52 | Build | Farm |
| 3:05 | Research | Tech 1625 |
| 3:34 | Research | Tech 1687 |
| 3:38 | Age | Castle Age |
| 3:41 | Research | Imperial Age |
| 3:56 | Build | Farm |
| 4:10 | Research | Bow Saw |
| 4:47 | Create | Villager (Male) |
| 4:47 | Create | Villager (Male) |
| 4:48 | Create | Villager (Male) |
| 4:57 | Age | Imperial Age |
| 5:14 | Research | Tech 1688 |
| 5:29 | Create | Villager (Male) |
| 5:30 | Create | Villager (Male) |
| 5:30 | Create | Villager (Male) |
| 6:14 | Build | Market |
| 6:58 | Create | Villager (Male) |
| 7:05 | Build | Farm |
| 7:34 | Build | Farm |
| 7:37 | Build | Farm |
| 7:43 | Build | Farm |
| 7:43 | Build | Farm |
| 7:47 | Create | Villager (Male) |
| 7:47 | Create | Villager (Male) |
| 7:48 | Create | Villager (Male) |
| 8:31 | Build | Feitoria |
| 8:41 | Create | Villager (Male) |
| 8:41 | Create | Villager (Male) |
| 9:07 | Create | Villager (Male) |
| 9:08 | Create | Villager (Male) |
| 9:22 | Research | Town Watch |
| 9:22 | Research | Town Watch |
| 9:22 | Research | Tech 1612 |
| 9:23 | Research | Tech 1613 |
| 9:23 | Research | Tech 1613 |
| 9:32 | Build | Market |
| 9:40 | Build | Farm |
| 9:53 | Build | Market |
| 10:09 | Research | Tech 1624 |
| 10:11 | Research | Horse Collar |
| 10:11 | Research | Horse Collar |
| 10:12 | Research | Horse Collar |
| 10:17 | Research | Tech 1623 |
| 10:18 | Research | Tech 1622 |
| 10:19 | Research | Heavy Plow |
| 10:19 | Research | Heavy Plow |
| 10:37 | Build | Siege Workshop |
| 10:45 | Research | Town Patrol |
| 10:48 | Research | Wheelbarrow |
| 10:48 | Research | Tech 1699 |
| 10:49 | Research | Tech 1699 |
| 10:49 | Research | Tech 1700 |
| 10:49 | Research | Tech 1700 |
| 10:50 | Research | Loom |
| 10:51 | Research | Loom |
| 10:51 | Research | Tech 1628 |
| 10:51 | Research | Tech 1628 |
| 10:52 | Research | Tech 1629 |
| 10:52 | Research | Tech 1629 |
| 10:58 | Create | Villager (Male) ×5 |
| 11:00 | Research | Onager (upgrade) |
| 11:01 | Create | Mangonel |
| 11:07 | Build | Lumber Camp |
| 11:21 | Research | Tech 1691 |
| 11:22 | Research | Tech 1692 |
| 11:23 | Research | Tech 1692 |
| 12:10 | Build | Feitoria |
| 12:34 | Build | Castle |
| 12:59 | Create | Mangonel |
| 13:02 | Build | House |
| 13:08 | Build | Lumber Camp |
| 13:16 | Build | House |
| 13:41 | Build | Blacksmith |
| 13:45 | Research | Double Crossbow |
| 13:45 | Research | Double Crossbow |
| 13:45 | Research | Tech 1816 |
| 13:46 | Research | Tech 1816 |
| 13:46 | Research | Tech 1817 |
| 13:46 | Research | Tech 1817 |
| 13:47 | Research | Conscription |
| 13:48 | Research | Conscription |
| 13:48 | Research | Tech 1733 |
| 13:48 | Research | Tech 1733 |
| 13:49 | Research | Tech 1734 |
| 13:49 | Research | Tech 1734 |
| 13:50 | Research | Tusk Swords |
| 13:51 | Research | Tusk Swords |
| 13:51 | Research | Tech 1814 |
| 13:51 | Research | Tech 1814 |
| 13:57 | Build | Lumber Camp |
| 14:27 | Research | Fletching |
| 14:27 | Research | Fletching |
| 14:27 | Research | Tech 1681 |
| 14:28 | Research | Tech 1682 |
| 14:28 | Research | Tech 1682 |
| 14:33 | Research | Elite Ballista Elephant (upgrade) |
| 14:39 | Research | Tech 1815 |
| 15:08 | Build | Lumber Camp |
| 15:23 | Build | Feitoria |
| 15:37 | Create | Villager (Male) ×5 |
| 15:44 | Research | Bodkin Arrow |
| 15:44 | Research | Tech 1683 |
| 15:45 | Research | Tech 1683 |
| 15:45 | Research | Tech 1684 |
| 15:45 | Research | Tech 1684 |
| 15:50 | Research | Heavy Scorpion (upgrade) |
| 15:52 | Create | Scorpion ×5 |
| 15:53 | Create | Scorpion ×5 |
| 15:53 | Create | Scorpion ×5 |
| 15:53 | Create | Scorpion ×4 |
| 15:54 | Create | Scorpion ×4 |
| 16:07 | Build | University |
| 16:12 | Build | Barracks |
| 16:37 | Build | Dock |
| 16:42 | Build | Castle |
| 16:47 | Research | Bracer |
| 16:47 | Research | Bracer |
| 16:47 | Research | Tech 1685 |
| 16:47 | Research | Tech 1685 |
| 16:48 | Research | Tech 1686 |
| 16:48 | Research | Tech 1686 |
| 16:51 | Research | Chemistry |
| 16:51 | Research | Chemistry |
| 16:52 | Research | Tech 1640 |
| 16:52 | Research | Tech 1640 |
| 16:52 | Research | Tech 1641 |
| 16:53 | Research | Tech 1641 |
| 16:54 | Research | Ballistics |
| 16:56 | Research | Tech 1812 |
| 16:56 | Research | Tech 1812 |
| 16:56 | Research | Tech 1813 |
| 16:57 | Research | Tech 1813 |
| 16:58 | Research | Siege Engineers |
| 16:59 | Research | Siege Engineers |
| 16:59 | Research | Tech 1743 |
| 16:59 | Research | Tech 1743 |
| 17:00 | Research | Tech 1744 |
| 17:00 | Research | Tech 1744 |
Build order — 紫蝶黄蜂俱有情
First 150 of 343 actions detected
| 0:07 | Create | Villager (Male) ×4 |
| 0:18 | Build | Mill |
| 0:22 | Build | Lumber Camp |
| 1:01 | Research | Feudal Age |
| 1:03 | Create | Villager (Male) |
| 1:03 | Create | Villager (Male) |
| 1:04 | Create | Villager (Male) |
| 1:06 | Build | House |
| 1:53 | Age | Feudal Age |
| 1:59 | Build | Market |
| 2:08 | Research | Castle Age |
| 3:46 | Age | Castle Age |
| 3:49 | Research | Imperial Age |
| 5:05 | Age | Imperial Age |
| 5:15 | Build | Feitoria |
| 6:50 | Research | Coinage |
| 6:56 | Build | Town Center |
| 7:06 | Build | University |
| 7:08 | Research | Banking |
| 7:41 | Research | Treadmill Crane |
| 7:41 | Research | Tech 1651 |
| 7:42 | Research | Tech 1652 |
| 7:44 | Research | Tech 1743 |
| 7:45 | Research | Tech 1744 |
| 7:45 | Research | Tech 1744 |
| 8:04 | Build | Siege Workshop |
| 8:08 | Research | Town Watch |
| 8:08 | Research | Tech 1612 |
| 8:09 | Research | Tech 1613 |
| 8:11 | Research | Loom |
| 8:11 | Research | Tech 1628 |
| 8:12 | Research | Tech 1628 |
| 8:12 | Research | Tech 1629 |
| 8:12 | Research | Tech 1629 |
| 8:15 | Research | Town Patrol |
| 8:15 | Research | Town Patrol |
| 8:18 | Research | Onager (upgrade) |
| 8:19 | Create | Mangonel |
| 8:21 | Create | Mangonel |
| 8:22 | Create | Mangonel |
| 8:46 | Research | Double-Bit Axe |
| 8:46 | Research | Double-Bit Axe |
| 8:47 | Research | Tech 1687 |
| 8:47 | Research | Tech 1687 |
| 8:47 | Research | Tech 1688 |
| 8:48 | Research | Tech 1688 |
| 8:49 | Research | Bow Saw |
| 8:49 | Research | Bow Saw |
| 8:49 | Research | Tech 1691 |
| 8:50 | Research | Tech 1691 |
| 8:50 | Research | Tech 1692 |
| 8:50 | Research | Tech 1692 |
| 9:55 | Create | Villager (Male) ×5 |
| 9:55 | Create | Villager (Male) ×5 |
| 9:56 | Create | Villager (Male) ×5 |
| 9:56 | Create | Villager (Male) ×5 |
| 9:59 | Research | Two-Man Saw |
| 9:59 | Research | Two-Man Saw |
| 10:00 | Research | Tech 1705 |
| 10:00 | Research | Tech 1705 |
| 10:01 | Research | Tech 1706 |
| 10:01 | Research | Tech 1706 |
| 10:35 | Create | Villager (Male) |
| 11:00 | Build | Feitoria |
| 11:31 | Create | Villager (Male) ×2 |
| 11:42 | Build | University |
| 11:47 | Create | Villager (Male) |
| 11:51 | Research | Chemistry |
| 11:51 | Research | Ballistics |
| 11:53 | Research | Murder Holes |
| 11:53 | Research | Bombard Tower (upgrade) |
| 11:54 | Research | Tech 1640 |
| 11:54 | Research | Tech 1641 |
| 11:54 | Research | Tech 1641 |
| 11:55 | Research | Fortified Wall (upgrade) |
| 11:56 | Research | Guard Tower (upgrade) |
| 11:56 | Research | Arrowslits |
| 11:56 | Research | Arrowslits |
| 11:57 | Research | Tech 1812 |
| 11:58 | Research | Masonry |
| 11:58 | Research | Tech 1646 |
| 12:06 | Build | House |
| 12:07 | Build | House |
| 12:33 | Build | House |
| 12:34 | Build | House |
| 12:42 | Research | Architecture |
| 12:42 | Research | Architecture |
| 12:43 | Research | Tech 1647 |
| 12:43 | Research | Tech 1647 |
| 12:44 | Research | Keep (upgrade) |
| 12:45 | Research | Tech 1813 |
| 12:47 | Research | Tech 1648 |
| 12:48 | Research | Tech 1873 |
| 12:59 | Build | Castle |
| 13:27 | Create | Villager (Male) ×2 |
| 13:44 | Create | Villager (Male) |
| 13:53 | Research | Silk Road |
| 13:55 | Research | Tech 902 |
| 13:55 | Research | Tech 1788 |
| 13:56 | Research | Tech 1789 |
| 13:58 | Research | Conscription |
| 13:58 | Research | Conscription |
| 13:58 | Research | Tech 1733 |
| 13:59 | Research | Tech 1733 |
| 13:59 | Research | Tech 1734 |
| 13:59 | Research | Tech 1734 |
| 14:02 | Research | Elite Genoese Crossbowman (upgrade) |
| 14:04 | Build | Town Center |
| 14:17 | Create | Villager (Male) |
| 14:40 | Build | Feitoria |
| 14:47 | Create | Villager (Male) ×5 |
| 14:47 | Create | Villager (Male) ×5 |
| 14:48 | Create | Villager (Male) ×5 |
| 14:48 | Create | Villager (Male) ×5 |
| 14:51 | Create | Villager (Male) ×2 |
| 15:31 | Create | Villager (Male) |
| 15:33 | Create | Villager (Male) |
| 15:37 | Build | Town Center |
| 15:54 | Build | Lumber Camp |
| 15:57 | Build | Blacksmith |
| 16:01 | Research | Shipwright |
| 16:01 | Research | Tech 1975 |
| 16:02 | Research | Careening |
| 16:02 | Research | Tech 1739 |
| 16:03 | Research | Tech 1976 |
| 16:04 | Research | Tech 1972 |
| 16:04 | Research | Tech 1737 |
| 16:05 | Research | Tech 1738 |
| 16:06 | Research | Tech 1740 |
| 16:06 | Research | Tech 1977 |
| 16:07 | Research | Tech 1973 |
| 16:08 | Research | Tech 1974 |
| 16:15 | Create | Bombard Cannon ×5 |
| 16:15 | Create | Bombard Cannon ×5 |
| 16:16 | Create | Bombard Cannon ×5 |
| 16:28 | Build | Town Center |
| 16:30 | Create | Villager (Male) ×5 |
| 16:30 | Create | Villager (Male) ×5 |
| 16:31 | Create | Villager (Male) ×5 |
| 16:31 | Create | Villager (Male) ×5 |
| 16:48 | Create | Villager (Male) ×3 |
| 16:48 | Create | Villager (Male) ×3 |
| 16:53 | Create | Villager (Male) ×5 |
| 16:53 | Create | Villager (Male) ×5 |
| 16:53 | Create | Villager (Male) ×5 |
| 17:11 | Build | Town Center |
| 17:12 | Research | Fletching |
| 17:13 | Research | Padded Archer Armor |
| 17:13 | Research | Tech 1681 |
| 17:13 | Research | Tech 1695 |
Build order — gmc inspector
First 150 of 252 actions detected
| 0:06 | Build | Mill |
| 0:09 | Create | Villager (Male) ×5 |
| 0:09 | Create | Villager (Male) ×5 |
| 0:10 | Create | Villager (Male) ×5 |
| 0:17 | Build | Mule Cart |
| 0:22 | Build | House |
| 1:48 | Research | Feudal Age |
| 3:05 | Age | Feudal Age |
| 3:10 | Research | Double-Bit Axe |
| 3:10 | Research | Double-Bit Axe |
| 3:11 | Research | Tech 1687 |
| 3:12 | Research | Tech 1688 |
| 3:15 | Research | Wheelbarrow |
| 3:16 | Research | Tech 1699 |
| 3:42 | Build | Market |
| 4:35 | Build | Blacksmith |
| 4:57 | Build | Town Center |
| 5:27 | Research | Castle Age |
| 6:31 | Age | Castle Age |
| 6:41 | Build | Town Center |
| 6:48 | Build | Town Center |
| 6:53 | Build | Town Center |
| 7:38 | Research | Bow Saw |
| 7:39 | Research | Bow Saw |
| 7:39 | Research | Tech 1691 |
| 7:40 | Research | Tech 1692 |
| 7:53 | Research | Hand Cart |
| 7:54 | Research | Tech 1700 |
| 7:58 | Create | Villager (Male) ×5 |
| 7:58 | Create | Villager (Male) ×5 |
| 7:59 | Create | Villager (Male) ×5 |
| 8:00 | Create | Villager (Male) ×5 |
| 8:01 | Create | Villager (Male) ×5 |
| 8:01 | Create | Villager (Male) ×5 |
| 8:01 | Create | Villager (Male) ×5 |
| 8:02 | Create | Villager (Male) ×5 |
| 8:02 | Create | Villager (Male) ×5 |
| 8:02 | Create | Villager (Male) ×5 |
| 8:03 | Create | Villager (Male) ×5 |
| 8:09 | Research | Tech 1715 |
| 8:09 | Research | Tech 1715 |
| 8:10 | Research | Tech 1716 |
| 8:10 | Research | Tech 1716 |
| 9:39 | Build | Mule Cart |
| 9:42 | Build | Mule Cart |
| 10:43 | Build | Town Center |
| 11:00 | Research | Tech 1625 |
| 11:01 | Research | Tech 1624 |
| 11:01 | Research | Tech 1624 |
| 11:02 | Research | Horse Collar |
| 11:17 | Build | Market |
| 11:33 | Research | Town Watch |
| 11:33 | Research | Town Watch |
| 11:33 | Research | Tech 1612 |
| 11:34 | Research | Tech 1612 |
| 11:34 | Research | Tech 1613 |
| 11:34 | Research | Tech 1613 |
| 11:50 | Build | Mule Cart |
| 11:55 | Research | Gold Mining |
| 11:55 | Research | Stone Mining |
| 11:55 | Research | Stone Mining |
| 11:55 | Research | Gold Mining |
| 11:55 | Research | Tech 1723 |
| 11:55 | Research | Tech 1653 |
| 11:56 | Research | Tech 1653 |
| 11:56 | Research | Tech 1723 |
| 11:56 | Research | Tech 1654 |
| 11:56 | Research | Tech 1724 |
| 11:56 | Research | Tech 1654 |
| 11:56 | Research | Tech 1724 |
| 12:03 | Research | Stone Mining |
| 12:03 | Research | Tech 1653 |
| 12:04 | Research | Stone Mining |
| 12:04 | Research | Tech 1653 |
| 12:04 | Research | Tech 1654 |
| 12:04 | Research | Tech 1723 |
| 12:04 | Research | Tech 1654 |
| 12:04 | Research | Tech 1723 |
| 12:04 | Research | Tech 1724 |
| 12:05 | Research | Tech 1724 |
| 12:11 | Build | Town Center |
| 12:17 | Build | Town Center |
| 12:22 | Build | Town Center |
| 12:27 | Research | Tech 1727 |
| 12:27 | Research | Gold Shaft Mining |
| 12:28 | Research | Tech 1727 |
| 12:28 | Research | Gold Shaft Mining |
| 12:28 | Research | Tech 1728 |
| 12:28 | Research | Tech 1677 |
| 12:28 | Research | Tech 1728 |
| 12:28 | Research | Tech 1677 |
| 12:29 | Research | Tech 1678 |
| 12:29 | Research | Tech 1678 |
| 12:32 | Build | Town Center |
| 13:03 | Build | Castle |
| 13:57 | Research | Imperial Age |
| 13:58 | Research | Cilician Fleet |
| 14:04 | Build | Mule Cart |
| 14:07 | Create | Villager (Male) ×5 |
| 14:07 | Create | Villager (Male) ×5 |
| 14:07 | Create | Villager (Male) ×5 |
| 14:08 | Create | Villager (Male) ×5 |
| 14:08 | Create | Villager (Male) ×5 |
| 14:09 | Create | Villager (Male) |
| 14:09 | Create | Villager (Male) ×5 |
| 14:10 | Create | Villager (Male) ×5 |
| 14:10 | Create | Villager (Male) ×5 |
| 14:10 | Create | Villager (Male) ×5 |
| 14:14 | Build | Mule Cart |
| 14:22 | Build | Mule Cart |
| 14:25 | Build | Mule Cart |
| 15:13 | Age | Imperial Age |
| 15:14 | Research | Guilds |
| 15:18 | Research | Coinage |
| 16:06 | Research | Banking |
| 17:04 | Research | Spies/Treason |
| 17:06 | Research | Elite Composite Bowman (upgrade) |
| 17:06 | Research | Fereters |
| 17:06 | Research | Fereters |
| 17:06 | Research | Elite Composite Bowman (upgrade) |
| 17:06 | Research | Tech 1934 |
| 17:07 | Research | Tech 1934 |
| 17:07 | Research | Tech 1935 |
| 17:07 | Research | Tech 1935 |
| 17:11 | Build | Mule Cart |
| 17:19 | Build | University |
| 17:23 | Build | Blacksmith |
| 17:26 | Build | Blacksmith |
| 17:27 | Build | Blacksmith |
| 17:29 | Build | Blacksmith |
| 17:31 | Research | Tech 1651 |
| 17:31 | Research | Tech 1651 |
| 17:31 | Research | Tech 1652 |
| 17:32 | Research | Tech 1652 |
| 17:33 | Research | Chemistry |
| 17:34 | Research | Chemistry |
| 17:34 | Research | Tech 1640 |
| 17:34 | Research | Tech 1640 |
| 17:35 | Research | Tech 1641 |
| 17:35 | Research | Tech 1641 |
| 17:55 | Build | Castle |
| 17:57 | Build | Castle |
| 17:59 | Build | Castle |
| 18:00 | Build | Castle |
| 18:07 | Research | Fletching |
| 18:07 | Research | Fletching |
| 18:07 | Research | Padded Archer Armor |
| 18:07 | Research | Tech 1681 |
| 18:07 | Research | Padded Archer Armor |
| 18:08 | Research | Tech 1681 |
Build order — Emusan
First 150 of 336 actions detected
| 0:06 | Build | Mill |
| 0:07 | Create | Villager (Male) |
| 0:07 | Create | Villager (Male) |
| 0:07 | Create | Villager (Male) |
| 0:10 | Build | House |
| 0:26 | Create | Villager (Male) |
| 0:57 | Build | Mule Cart |
| 1:11 | Research | Feudal Age |
| 1:33 | Build | Mule Cart |
| 2:13 | Age | Feudal Age |
| 2:19 | Build | Town Center |
| 2:52 | Create | Villager (Male) |
| 2:52 | Create | Villager (Male) |
| 2:53 | Create | Villager (Male) |
| 2:53 | Create | Villager (Male) |
| 2:59 | Create | Villager (Male) |
| 3:10 | Build | Market |
| 3:50 | Build | Blacksmith |
| 4:09 | Research | Castle Age |
| 4:39 | Research | Double-Bit Axe |
| 4:39 | Research | Double-Bit Axe |
| 4:49 | Create | Villager (Male) |
| 5:29 | Build | Mule Cart |
| 5:35 | Age | Castle Age |
| 5:39 | Build | Town Center |
| 5:43 | Create | Villager (Male) |
| 5:43 | Create | Villager (Male) |
| 6:05 | Build | Town Center |
| 6:06 | Create | Villager (Male) |
| 6:18 | Create | Villager (Male) |
| 6:19 | Create | Villager (Male) |
| 6:20 | Create | Villager (Male) |
| 6:20 | Create | Villager (Male) |
| 6:20 | Create | Villager (Male) |
| 6:27 | Create | Villager (Male) |
| 6:34 | Create | Villager (Male) |
| 6:43 | Create | Villager (Male) |
| 6:51 | Build | Town Center |
| 6:59 | Create | Villager (Male) |
| 7:08 | Research | Bow Saw |
| 7:09 | Research | Bow Saw |
| 7:09 | Research | Tech 1687 |
| 7:09 | Research | Tech 1687 |
| 7:10 | Research | Tech 1688 |
| 7:10 | Research | Tech 1691 |
| 7:11 | Research | Tech 1691 |
| 7:11 | Research | Tech 1692 |
| 7:22 | Research | Town Watch |
| 7:23 | Research | Tech 1612 |
| 7:23 | Research | Tech 1612 |
| 7:23 | Research | Tech 1613 |
| 7:24 | Research | Tech 1613 |
| 7:25 | Research | Wheelbarrow |
| 7:26 | Research | Tech 1699 |
| 7:26 | Research | Tech 1700 |
| 7:27 | Research | Tech 1700 |
| 7:28 | Create | Villager (Male) |
| 7:29 | Create | Villager (Male) |
| 7:34 | Create | Villager (Male) |
| 7:34 | Create | Villager (Male) |
| 7:35 | Create | Villager (Male) |
| 7:35 | Create | Villager (Male) |
| 7:35 | Create | Villager (Male) |
| 7:39 | Create | Villager (Male) |
| 7:41 | Create | Villager (Male) |
| 7:43 | Create | Villager (Male) |
| 7:48 | Create | Villager (Male) |
| 7:51 | Create | Villager (Male) |
| 7:58 | Create | Villager (Male) |
| 8:00 | Create | Villager (Male) |
| 8:01 | Create | Villager (Male) |
| 8:01 | Create | Villager (Male) |
| 8:04 | Create | Villager (Male) |
| 8:06 | Create | Villager (Male) |
| 8:07 | Create | Villager (Male) |
| 8:23 | Create | Villager (Male) |
| 8:23 | Create | Villager (Male) |
| 8:44 | Build | Town Center |
| 8:52 | Build | Town Center |
| 8:59 | Create | Villager (Male) |
| 9:06 | Build | Mule Cart |
| 9:12 | Build | Mule Cart |
| 9:13 | Create | Villager (Male) |
| 9:14 | Create | Villager (Male) |
| 9:21 | Create | Villager (Male) |
| 9:22 | Create | Villager (Male) |
| 9:23 | Create | Villager (Male) |
| 9:23 | Create | Villager (Male) |
| 9:30 | Create | Villager (Male) |
| 9:37 | Create | Villager (Male) |
| 9:39 | Create | Villager (Male) |
| 9:39 | Create | Villager (Male) |
| 9:40 | Create | Villager (Male) |
| 9:41 | Create | Villager (Male) |
| 9:41 | Create | Villager (Male) |
| 9:41 | Create | Villager (Male) |
| 9:45 | Build | House |
| 9:49 | Build | House |
| 10:03 | Build | Dock |
| 10:06 | Create | Villager (Male) |
| 10:31 | Build | Castle |
| 10:46 | Build | Dock |
| 10:56 | Build | Mule Cart |
| 11:00 | Build | Mill |
| 11:20 | Build | Siege Workshop |
| 11:23 | Research | Imperial Age |
| 11:43 | Build | Dock |
| 11:48 | Build | Dock |
| 11:52 | Build | Town Center |
| 12:07 | Build | Town Center |
| 12:16 | Research | Grand Trunk Road |
| 12:25 | Create | Villager (Male) |
| 12:25 | Create | Villager (Male) |
| 12:28 | Create | Villager (Male) |
| 12:30 | Create | Villager (Male) |
| 12:31 | Create | Villager (Male) |
| 12:31 | Create | Villager (Male) |
| 12:37 | Create | Villager (Male) |
| 12:38 | Create | Villager (Male) |
| 12:39 | Age | Imperial Age |
| 12:42 | Build | Mule Cart |
| 12:44 | Create | Villager (Male) |
| 12:44 | Create | Villager (Male) |
| 12:44 | Create | Villager (Male) |
| 12:45 | Create | Villager (Male) |
| 12:46 | Create | Villager (Male) |
| 12:50 | Create | Mangonel |
| 12:55 | Research | Onager (upgrade) |
| 12:56 | Create | Scorpion |
| 12:56 | Create | Scorpion |
| 13:00 | Build | Siege Workshop |
| 13:06 | Build | Siege Workshop |
| 13:19 | Build | Mule Cart |
| 13:25 | Create | Mangonel ×5 |
| 13:25 | Create | Mangonel ×5 |
| 13:33 | Research | Two-Man Saw |
| 13:34 | Research | Tech 1705 |
| 13:35 | Research | Tech 1706 |
| 13:35 | Research | Tech 1706 |
| 13:41 | Create | Villager (Male) |
| 13:41 | Create | Villager (Male) |
| 13:41 | Create | Villager (Male) |
| 13:43 | Research | Loom |
| 13:44 | Research | Tech 1628 |
| 13:44 | Research | Tech 1629 |
| 13:46 | Research | Hand Cart |
| 13:47 | Research | Hand Cart |
| 13:47 | Research | Tech 1715 |
| 13:47 | Research | Tech 1715 |
| 13:59 | Research | Tech 1716 |
Build order — Monkeymonk
First 150 of 372 actions detected
| 0:05 | Build | House |
| 0:06 | Build | Mill |
| 0:07 | Create | Villager (Male) |
| 0:08 | Create | Villager (Male) |
| 0:08 | Create | Villager (Male) |
| 0:08 | Create | Villager (Male) |
| 0:08 | Create | Villager (Male) |
| 0:37 | Research | Feudal Age |
| 1:29 | Age | Feudal Age |
| 1:29 | Research | Castle Age |
| 1:48 | Build | Market |
| 1:57 | Build | Lumber Camp |
| 2:33 | Age | Castle Age |
| 2:34 | Research | Imperial Age |
| 2:35 | Research | Imperial Age |
| 3:50 | Age | Imperial Age |
| 6:41 | Build | Feitoria |
| 7:34 | Build | Market |
| 8:15 | Build | Town Center |
| 9:46 | Research | Town Watch |
| 9:47 | Research | Town Watch |
| 9:47 | Research | Town Watch |
| 9:47 | Research | Tech 1612 |
| 9:48 | Research | Tech 1612 |
| 9:48 | Research | Tech 1613 |
| 9:49 | Research | Wheelbarrow |
| 9:50 | Research | Wheelbarrow |
| 9:50 | Research | Tech 1699 |
| 9:51 | Research | Town Patrol |
| 9:51 | Research | Town Patrol |
| 9:52 | Research | Tech 1700 |
| 9:53 | Research | Tech 1700 |
| 9:53 | Research | Loom |
| 9:54 | Research | Loom |
| 9:54 | Research | Tech 1628 |
| 9:55 | Research | Tech 1628 |
| 9:55 | Research | Tech 1629 |
| 9:58 | Research | Double-Bit Axe |
| 9:58 | Research | Double-Bit Axe |
| 9:58 | Research | Double-Bit Axe |
| 9:59 | Research | Tech 1687 |
| 9:59 | Research | Tech 1687 |
| 9:59 | Research | Tech 1687 |
| 9:59 | Research | Tech 1688 |
| 10:00 | Research | Tech 1688 |
| 10:00 | Research | Tech 1625 |
| 10:01 | Research | Tech 1625 |
| 10:01 | Research | Tech 1625 |
| 10:01 | Research | Tech 1624 |
| 10:01 | Research | Tech 1624 |
| 10:02 | Research | Tech 1624 |
| 10:02 | Research | Horse Collar |
| 10:02 | Research | Horse Collar |
| 10:07 | Research | Bow Saw |
| 10:08 | Research | Bow Saw |
| 10:08 | Research | Tech 1691 |
| 10:08 | Research | Tech 1691 |
| 10:08 | Research | Tech 1691 |
| 10:09 | Research | Tech 1692 |
| 10:09 | Research | Tech 1692 |
| 10:10 | Research | Tech 1623 |
| 10:10 | Research | Tech 1623 |
| 10:10 | Research | Tech 1623 |
| 10:11 | Research | Tech 1622 |
| 10:11 | Research | Tech 1622 |
| 10:11 | Research | Tech 1622 |
| 10:27 | Build | House |
| 10:28 | Build | House |
| 10:37 | Research | Two-Man Saw |
| 10:37 | Research | Two-Man Saw |
| 10:38 | Research | Two-Man Saw |
| 10:38 | Research | Tech 1705 |
| 10:38 | Research | Tech 1705 |
| 10:38 | Research | Tech 1705 |
| 10:44 | Build | Feitoria |
| 11:14 | Build | House |
| 11:19 | Research | Hand Cart |
| 11:19 | Research | Hand Cart |
| 11:30 | Research | Tech 1706 |
| 11:30 | Research | Tech 1706 |
| 11:31 | Research | Tech 1706 |
| 11:38 | Create | Villager (Male) |
| 11:38 | Create | Villager (Male) |
| 11:38 | Create | Villager (Male) |
| 11:39 | Create | Villager (Male) |
| 11:39 | Create | Villager (Male) |
| 11:39 | Create | Villager (Male) |
| 11:39 | Create | Villager (Male) |
| 11:40 | Create | Villager (Male) |
| 11:40 | Create | Villager (Male) |
| 11:40 | Create | Villager (Male) |
| 11:40 | Create | Villager (Male) |
| 11:41 | Create | Villager (Male) |
| 11:56 | Build | Feitoria |
| 12:42 | Build | Siege Workshop |
| 12:52 | Research | Onager (upgrade) |
| 12:52 | Research | Onager (upgrade) |
| 12:53 | Create | Mangonel |
| 12:53 | Create | Mangonel |
| 12:54 | Create | Mangonel |
| 14:10 | Create | Mangonel |
| 14:10 | Create | Mangonel |
| 14:11 | Create | Mangonel |
| 14:11 | Create | Mangonel |
| 15:14 | Build | Town Center |
| 15:19 | Build | Town Center |
| 15:54 | Create | Villager (Male) |
| 15:54 | Create | Villager (Male) |
| 15:54 | Create | Villager (Male) |
| 15:55 | Create | Villager (Male) |
| 15:55 | Create | Villager (Male) ×5 |
| 15:56 | Create | Villager (Male) ×5 |
| 15:56 | Create | Villager (Male) ×5 |
| 15:56 | Create | Villager (Male) ×5 |
| 16:19 | Build | Castle |
| 16:24 | Create | Villager (Male) ×5 |
| 16:24 | Create | Villager (Male) ×5 |
| 16:24 | Create | Villager (Male) ×5 |
| 16:25 | Create | Villager (Male) ×5 |
| 16:25 | Create | Villager (Male) |
| 16:25 | Create | Villager (Male) |
| 17:28 | Build | University |
| 18:01 | Research | Ballistics |
| 18:02 | Research | Chemistry |
| 18:03 | Research | Tech 1640 |
| 18:03 | Research | Tech 1641 |
| 18:04 | Research | Tech 1641 |
| 18:19 | Build | Castle |
| 18:39 | Research | Arquebus |
| 18:39 | Research | Arquebus |
| 18:41 | Research | Tech 1404 |
| 18:41 | Research | Tech 1404 |
| 18:42 | Research | Elite Organ Gun (upgrade) |
| 18:43 | Research | Elite Organ Gun (upgrade) |
| 18:44 | Research | Conscription |
| 18:44 | Research | Conscription |
| 18:45 | Research | Conscription |
| 18:47 | Research | Bombard Tower (upgrade) |
| 18:48 | Research | Bombard Tower (upgrade) |
| 18:49 | Research | Tech 1812 |
| 18:50 | Research | Tech 1813 |
| 18:50 | Research | Tech 1813 |
| 18:50 | Research | Masonry |
| 18:50 | Research | Treadmill Crane |
| 18:50 | Research | Heated Shot |
| 18:51 | Research | Heated Shot |
| 18:51 | Research | Tech 1646 |
| 18:51 | Research | Tech 1651 |
| 18:51 | Research | Tech 1747 |
| 18:52 | Research | Tech 1646 |
Build order — Pineappleman
131 actions detected in the replay
| 0:02 | Research | Feudal Age |
| 0:14 | Build | Lumber Camp |
| 0:21 | Build | House |
| 0:54 | Age | Feudal Age |
| 0:55 | Research | Castle Age |
| 0:55 | Research | Castle Age |
| 1:11 | Research | Double-Bit Axe |
| 1:11 | Research | Double-Bit Axe |
| 1:11 | Research | Tech 1687 |
| 1:12 | Research | Tech 1687 |
| 1:59 | Age | Castle Age |
| 2:00 | Research | Imperial Age |
| 2:00 | Research | Imperial Age |
| 2:00 | Research | Imperial Age |
| 2:36 | Build | Farm |
| 2:39 | Build | Farm |
| 3:00 | Build | University |
| 3:16 | Age | Imperial Age |
| 3:26 | Create | Villager (Male) |
| 3:33 | Research | Tech 1743 |
| 3:33 | Research | Tech 1743 |
| 3:34 | Research | Tech 1744 |
| 3:34 | Research | Tech 1744 |
| 3:36 | Research | Ballistics |
| 3:36 | Research | Ballistics |
| 3:36 | Research | Ballistics |
| 3:37 | Research | Chemistry |
| 3:37 | Research | Chemistry |
| 3:38 | Research | Bombard Tower (upgrade) |
| 3:38 | Research | Bombard Tower (upgrade) |
| 3:38 | Research | Bombard Tower (upgrade) |
| 3:39 | Research | Tech 1640 |
| 3:39 | Research | Tech 1640 |
| 3:39 | Research | Tech 1641 |
| 3:40 | Research | Tech 1641 |
| 3:41 | Research | Arrowslits |
| 3:41 | Research | Arrowslits |
| 3:42 | Research | Tech 1812 |
| 3:42 | Research | Tech 1812 |
| 3:43 | Research | Tech 1813 |
| 3:43 | Research | Guard Tower (upgrade) |
| 3:44 | Research | Guard Tower (upgrade) |
| 3:45 | Research | Treadmill Crane |
| 3:46 | Research | Treadmill Crane |
| 3:46 | Research | Tech 1651 |
| 3:46 | Research | Tech 1651 |
| 3:47 | Research | Tech 1652 |
| 3:47 | Research | Tech 1652 |
| 3:49 | Research | Masonry |
| 3:49 | Research | Masonry |
| 3:50 | Research | Tech 1646 |
| 3:50 | Research | Tech 1646 |
| 3:50 | Research | Tech 1647 |
| 3:51 | Research | Tech 1647 |
| 3:57 | Create | Villager (Male) |
| 4:21 | Create | Villager (Male) |
| 4:38 | Research | Architecture |
| 4:38 | Research | Architecture |
| 4:38 | Research | Tech 1648 |
| 4:39 | Research | Tech 1648 |
| 4:39 | Research | Tech 1873 |
| 4:40 | Research | Tech 1873 |
| 4:43 | Build | Market |
| 9:20 | Build | Feitoria |
| 9:58 | Build | Market |
| 11:01 | Build | Castle |
| 11:18 | Build | Lumber Camp |
| 12:09 | Research | Artillery |
| 12:27 | Research | Bow Saw |
| 12:27 | Research | Bow Saw |
| 12:27 | Research | Bow Saw |
| 12:28 | Research | Tech 1688 |
| 12:28 | Research | Tech 1688 |
| 12:28 | Research | Tech 1688 |
| 12:29 | Research | Tech 1691 |
| 12:29 | Research | Tech 1691 |
| 12:29 | Research | Tech 1691 |
| 12:29 | Research | Tech 1692 |
| 12:30 | Research | Tech 1692 |
| 12:39 | Research | Two-Man Saw |
| 12:39 | Research | Two-Man Saw |
| 12:40 | Research | Tech 1705 |
| 12:40 | Research | Tech 1705 |
| 12:40 | Research | Tech 1706 |
| 12:41 | Research | Tech 1706 |
| 13:04 | Research | Tech 1616 |
| 13:04 | Research | Tech 1616 |
| 13:05 | Research | Tech 1616 |
| 13:26 | Build | Town Center |
| 14:02 | Research | Wheelbarrow |
| 14:02 | Research | Wheelbarrow |
| 14:03 | Research | Tech 1699 |
| 14:03 | Research | Tech 1699 |
| 14:03 | Research | Tech 1699 |
| 14:03 | Research | Tech 1700 |
| 14:04 | Research | Tech 1700 |
| 14:07 | Research | Town Watch |
| 14:07 | Research | Town Watch |
| 14:07 | Research | Town Watch |
| 14:08 | Research | Tech 1612 |
| 14:08 | Research | Tech 1612 |
| 14:08 | Research | Tech 1613 |
| 14:09 | Research | Tech 1613 |
| 14:12 | Research | Hand Cart |
| 14:12 | Research | Hand Cart |
| 14:12 | Research | Hand Cart |
| 14:12 | Research | Tech 1715 |
| 14:13 | Research | Tech 1715 |
| 14:13 | Research | Tech 1715 |
| 14:13 | Research | Tech 1716 |
| 14:13 | Research | Tech 1716 |
| 14:16 | Research | Tech 1617 |
| 14:27 | Research | Conscription |
| 14:27 | Research | Conscription |
| 14:39 | Create | Villager (Male) ×5 |
| 14:40 | Create | Villager (Male) ×5 |
| 14:40 | Create | Villager (Male) |
| 14:41 | Create | Villager (Male) |
| 14:42 | Create | Villager (Male) |
| 16:13 | Research | Tech 1733 |
| 16:14 | Research | Tech 1733 |
| 16:14 | Research | Tech 1734 |
| 16:14 | Research | Tech 1734 |
| 16:15 | Research | Tech 1734 |
| 16:16 | Research | Elite Janissary (upgrade) |
| 16:17 | Research | Elite Janissary (upgrade) |
| 16:17 | Research | Elite Janissary (upgrade) |
| 17:06 | Create | Villager (Male) ×5 |
| 17:07 | Create | Villager (Male) ×5 |
| 17:07 | Create | Villager (Male) ×5 |
| 17:07 | Create | Villager (Male) ×3 |
Match timeline
| 0:54 | Pineappleman · age_up feudal |
| 1:29 | Monkeymonk · age_up feudal |
| 1:43 | 老K · age_up feudal |
| 1:48 | beat · age_up feudal |
| 1:53 | 紫蝶黄蜂俱有情 · age_up feudal |
| 1:59 | Pineappleman · age_up castle |
| 2:13 | Emusan · age_up feudal |
| 2:33 | PaddyWon · age_up feudal |
| 2:33 | Monkeymonk · age_up castle |
| 2:38 | 紫蝶黄蜂俱有情 · first_market_sell 100 wood |
| 2:41 | 紫蝶黄蜂俱有情 · first_market_buy 100 stone |
| 2:57 | Monkeymonk · first_market_sell 100 wood |
| 3:05 | gmc inspector · age_up feudal |
| 3:07 | Monkeymonk · first_market_buy 100 stone |
| 3:16 | Pineappleman · age_up imperial |
| 3:38 | PaddyWon · age_up castle |
| 3:40 | Emusan · first_market_sell 100 food |
| 3:45 | beat · first_market_sell 100 wood |
| 3:46 | 紫蝶黄蜂俱有情 · age_up castle |
| 3:50 | Monkeymonk · age_up imperial |
| 4:09 | 老K · first_market_sell 100 wood |
| 4:09 | gmc inspector · first_market_sell 500 wood |
| 4:19 | Emusan · first_market_buy 100 stone |
| 4:47 | gmc inspector · first_market_buy 100 stone |
| 4:57 | PaddyWon · age_up imperial |
| 5:05 | 紫蝶黄蜂俱有情 · age_up imperial |
| 5:35 | Emusan · age_up castle |
| 5:52 | 紫蝶黄蜂俱有情 · tribute_sent a jugador 1 |
| 5:52 | 紫蝶黄蜂俱有情 · tribute_sent a jugador 2 |
| 5:52 | 紫蝶黄蜂俱有情 · tribute_sent a jugador 4 |
| 5:52 | 紫蝶黄蜂俱有情 · tribute_sent a jugador 5 |
| 5:52 | 紫蝶黄蜂俱有情 · tribute_sent a jugador 6 |
| 5:52 | 紫蝶黄蜂俱有情 · tribute_sent a jugador 7 |
| 5:52 | 紫蝶黄蜂俱有情 · tribute_sent a jugador 8 |
| 5:53 | Pineappleman · first_market_sell 100 food |
| 6:02 | 紫蝶黄蜂俱有情 · tribute_sent a jugador 1 |
| 6:02 | 紫蝶黄蜂俱有情 · tribute_sent a jugador 2 |
| 6:02 | 紫蝶黄蜂俱有情 · tribute_sent a jugador 4 |
| 6:02 | 紫蝶黄蜂俱有情 · tribute_sent a jugador 5 |
| 6:02 | 紫蝶黄蜂俱有情 · tribute_sent a jugador 6 |
| 6:02 | 紫蝶黄蜂俱有情 · tribute_sent a jugador 7 |
| 6:02 | 紫蝶黄蜂俱有情 · tribute_sent a jugador 8 |
| 6:13 | 老K · age_up castle |
| 6:26 | 紫蝶黄蜂俱有情 · tribute_sent a jugador 1 |
| 6:26 | 紫蝶黄蜂俱有情 · tribute_sent a jugador 2 |
| 6:26 | 紫蝶黄蜂俱有情 · tribute_sent a jugador 4 |
| 6:26 | 紫蝶黄蜂俱有情 · tribute_sent a jugador 5 |
| 6:26 | 紫蝶黄蜂俱有情 · tribute_sent a jugador 6 |
| 6:26 | 紫蝶黄蜂俱有情 · tribute_sent a jugador 7 |
| 6:26 | 紫蝶黄蜂俱有情 · tribute_sent a jugador 8 |
| 6:31 | gmc inspector · age_up castle |
| 6:43 | beat · age_up castle |
| 6:43 | PaddyWon · first_market_sell 100 wood |
| 6:47 | PaddyWon · first_market_buy 100 stone |
| 6:58 | 老K · first_market_buy 100 stone |
| 7:26 | Pineappleman · first_market_buy 100 stone |
| 7:39 | 老K · first_building Monastery |
| 7:51 | beat · first_building Monastery |
| 7:58 | beat · first_building Siege Workshop |
| 8:04 | 紫蝶黄蜂俱有情 · first_building Siege Workshop |
| 8:11 | Monkeymonk · tribute_sent a jugador 1 |
| 8:11 | Monkeymonk · tribute_sent a jugador 2 |
| 8:11 | Monkeymonk · tribute_sent a jugador 3 |
| 8:11 | Monkeymonk · tribute_sent a jugador 4 |
| 8:11 | Monkeymonk · tribute_sent a jugador 5 |
| 8:11 | Monkeymonk · tribute_sent a jugador 7 |
| 8:11 | Monkeymonk · tribute_sent a jugador 8 |
| 8:35 | Monkeymonk · tribute_sent a jugador 1 |
| 8:35 | Monkeymonk · tribute_sent a jugador 2 |
| 8:35 | Monkeymonk · tribute_sent a jugador 3 |
| 8:35 | Monkeymonk · tribute_sent a jugador 4 |
| 8:35 | Monkeymonk · tribute_sent a jugador 5 |
| 8:35 | Monkeymonk · tribute_sent a jugador 7 |
| 8:35 | Monkeymonk · tribute_sent a jugador 8 |
| 8:54 | Monkeymonk · tribute_sent a jugador 1 |
| 8:54 | Monkeymonk · tribute_sent a jugador 2 |
| 8:54 | Monkeymonk · tribute_sent a jugador 3 |
| 8:54 | Monkeymonk · tribute_sent a jugador 4 |
| 8:54 | Monkeymonk · tribute_sent a jugador 5 |
| 8:54 | Monkeymonk · tribute_sent a jugador 7 |
| 8:54 | Monkeymonk · tribute_sent a jugador 8 |
| 9:25 | Monkeymonk · tribute_sent a jugador 1 |
| 9:25 | Monkeymonk · tribute_sent a jugador 2 |
| 9:25 | Monkeymonk · tribute_sent a jugador 3 |
| 9:25 | Monkeymonk · tribute_sent a jugador 4 |
| 9:25 | Monkeymonk · tribute_sent a jugador 5 |
| 9:25 | Monkeymonk · tribute_sent a jugador 7 |
| 9:25 | Monkeymonk · tribute_sent a jugador 8 |
| 10:03 | Emusan · first_building Dock |
| 10:31 | Emusan · first_building Castle |
| 10:37 | PaddyWon · first_building Siege Workshop |
| 11:00 | beat · age_up imperial |
| 11:01 | Pineappleman · first_building Castle |
| 11:20 | Emusan · first_building Siege Workshop |
| 12:14 | 老K · age_up imperial |
| 12:34 | PaddyWon · first_building Castle |
| 12:39 | Emusan · age_up imperial |
| 12:42 | Monkeymonk · first_building Siege Workshop |
| 12:59 | 紫蝶黄蜂俱有情 · first_building Castle |
| 13:03 | gmc inspector · first_building Castle |
| 13:07 | beat · first_market_buy 100 stone |
| 14:04 | 老K · first_building Castle |
| 14:09 | 老K · first_building Siege Workshop |
| 15:13 | gmc inspector · age_up imperial |
| 15:33 | 老K · first_building Barracks |
| 16:10 | beat · first_building Castle |
| 16:12 | PaddyWon · first_building Barracks |
| 16:19 | Monkeymonk · first_building Castle |
| 16:37 | PaddyWon · first_building Dock |
| 16:46 | Emusan · first_building Barracks |
| 17:02 | gmc inspector · tribute_sent a jugador 1 |
| 17:02 | gmc inspector · tribute_sent a jugador 2 |
| 17:02 | gmc inspector · tribute_sent a jugador 3 |
| 17:02 | gmc inspector · tribute_sent a jugador 5 |
| 17:02 | gmc inspector · tribute_sent a jugador 6 |
| 17:02 | gmc inspector · tribute_sent a jugador 7 |
| 17:02 | gmc inspector · tribute_sent a jugador 8 |
| 17:03 | beat · first_building Barracks |
| 17:28 | 紫蝶黄蜂俱有情 · first_building Archery Range |
| 17:28 | Pineappleman · resign |
| 17:39 | PaddyWon · first_building Stable |
| 18:15 | Emusan · first_building Stable |
| 18:28 | gmc inspector · first_building Siege Workshop |
| 19:48 | gmc inspector · first_building Barracks |
| 20:52 | gmc inspector · first_building Archery Range |
| 21:15 | 紫蝶黄蜂俱有情 · wall_segment Stone Wall x24 |
| 21:19 | 紫蝶黄蜂俱有情 · wall_segment Stone Wall x17 |
| 24:29 | 紫蝶黄蜂俱有情 · wall_segment Stone Wall x10 |
[ AI ANALYSIS · 1 CREDIT ]
What really happened in this match?
Wolo.gg analyzes every decision: build order, eco, micro, common mistakes by bracket. Personalized analysis on WhatsApp or Discord in 30 seconds.
Civ guide
Lithuanians
Perfil
Jugador #6686970